 Dungeon Crawl Stone Soup version 0.23.2-1-ga50397a6bc (webtiles) character file.

Game seed: 3717910347559195010

195 Kobolds4U the Slasher (level 5, -10/46 HPs)
             Began as a Minotaur Fighter on May 7, 2019.
             Mangled by an ogre
             ... wielding a +0 giant club
              (19 damage)
             ... on level 5 of the Dungeon.
             The game lasted 00:06:59 (2668 turns).

Kobolds4U the Slasher (Minotaur Fighter)            Turns: 2668, Time: 00:06:59

Health: -10/46     AC:  9    Str: 20    XL:     5   Next: 45%
Magic:  4/4        EV:  5    Int:  5    God:
Gold:   222        SH:  9    Dex: 11    Spells: 4/4 levels left

rFire    . . .     SeeInvis .   a - +0 long sword
rCold    . . .     Gourm    .   c - +0 shield
rNeg     . . .     Faith    .   r - +0 chain mail
rPois    .         Spirit   .   (helmet restricted)
rElec    .         Reflect  .   (no cloak)
rCorr    .         Harm     .   (no gloves)
MR       .....                  (no boots)
Stlth    ..........             (no amulet)
HPRegen  0.15/turn              (no ring)
MPRegen  0.09/turn              (no ring)

@: no status effects
A: retaliatory headbutt, horns 2
a: no special abilities


You were on level 5 of the Dungeon.
You were not hungry.

You visited 1 branch of the dungeon, and saw 5 of its levels.

You collected 222 gold pieces.

Inventory:

Hand Weapons
 a - a +0 long sword (weapon)
 n - a +1 short sword of venom
Armour
 c - a +0 shield (worn)
 r - a +0 chain mail (worn)
Wands
 h - a wand of flame (8)
 o - a wand of iceblast (10)
Scrolls
 g - a scroll of teleportation {unknown}
 i - 3 scrolls of identify {unknown}
 j - 2 scrolls of immolation {unknown}
 k - a scroll of fear {unknown}
 l - a scroll of remove curse {unknown}
 p - a scroll of random uselessness {unknown}
Potions
 d - a potion of might
 e - 5 potions of curing {unknown}
 q - a potion of haste {unknown}
Comestibles
 f - 6 rations


   Skills:
 + Level 4.1 Fighting
 + Level 6.6 Long Blades
 - Level 3.6 Armour
 - Level 3.6 Shields


You had 4 spell levels left.
You didn't know any spells.
Your spell library was empty.

Dungeon Overview and Level Annotations

Branches:
Dungeon (5/15)
 Temple: D:4-7

Altars:
Dithmenos
Fedhas
Trog

Annotations:
D:4 Blork the orc


Innate Abilities, Weirdness & Mutations

You reflexively headbutt those who attack you in melee.
You have a pair of horns on your head.


Message History

There is a stone staircase leading down here.
Blork the orc hits you from afar with a +1 trident of piercing.
* * * LOW HITPOINT WARNING * * *
The ogre hits you with a +0 giant club.
* * * LOW HITPOINT WARNING * * *
You climb downwards.
You hear the hiss of flowing sand.
There is an entrance to an ossuary on this level.
Hurry and find it before the portal is buried!
Found 3 gold pieces.
There is a stone staircase leading up here.
You hit the ogre. Your headbutt misses the ogre.
The ogre is severely wounded.
You hit the ogre.
The ogre is severely wounded.
The ogre barely misses you.
Your shield and chain mail prevent you from hitting the ogre.
You headbutt the ogre.
The ogre is severely wounded.
The ogre hits you with a +0 giant club!!
You die...

# #.
#..#######.#
#...@O$.....
#....##.###.
####.# ...
... ##.##
#.# #.#


You could see an ogre.

Vanquished Creatures
  An orc priest (D:4)
  Ijyb (D:3)
  6 adders
  2 worms
  3 dart slugs
  A leopard gecko (D:2)
  7 orcs
  8 bats
  3 giant cockroaches
  9 goblins
  8 hobgoblins
  2 jackals (D:1)
  5 kobolds
  A quokka (D:2)
  A frilled lizard (D:2)
  7 rats
65 creatures vanquished.

Notes
Turn   | Place    | Note
-------+----------+-------------------------------------------
     0 | D:1      | Kobolds4U the Minotaur Fighter began the quest for the Orb.
     0 | D:1      | Reached XP level 1. HP: 19/19 MP: 0/0
   141 | D:1      | Reached skill level 3 in Long Blades
   226 | D:1      | Reached XP level 2. HP: 26/26 MP: 1/1
   712 | D:1      | Reached skill level 4 in Long Blades
   713 | D:1      | Reached XP level 3. HP: 22/31 MP: 2/2
   954 | D:2      | Found a shadowy altar of Dithmenos.
  1034 | D:2      | Reached skill level 5 in Long Blades
  1092 | D:2      | Found a blossoming altar of Fedhas.
  1107 | D:2      | Reached XP level 4. HP: 39/39 MP: 3/3
  1432 | D:3      | Noticed Ijyb
  1657 | D:3      | Killed Ijyb
  1657 | D:3      | Reached skill level 6 in Long Blades
  1861 | D:3      | Found a bloodstained altar of Trog.
  2361 | D:4      | Reached XP level 5. HP: 46/46 MP: 4/4
  2653 | D:4      | Noticed an ogre
  2654 | D:4      | Noticed Blork the orc
  2665 | D:5      | Entered Level 5 of the Dungeon
  2668 | D:5      | Mangled by an ogre

Skill      XL: |  1  2  3  4  5 |
---------------+----------------+-----
Long Blades    | 3 4 5 6 |  6.6
Fighting       | 4 |  4.1
Armour         | |  3.6
Shields        | |  3.6

Action                   |  1- 3 |  4- 6 || total
-------------------------+-------+-------++-------
Melee: Long sword        |    66 |    61 ||   127
       Headbutt          |    15 |    16 ||    31
       Short sword       |       |    32 ||    32
  Eat: Chunk             |     1 |     5 ||     6
Armor: Scale mail        |    30 |    19 ||    49
       Chain mail        |       |     7 ||     7
Dodge: Dodged            |    26 |    17 ||    43
Block: Shield            |    37 |    38 ||    75
       Rpst.: Long sword |     6 |     3 ||     9
